TOP OF THE 1ST |
Atlanta (MID) Braves batting - Pitching for Lakewood BlueClaws : LHP Scott Hopkins
|
Pitching: LHP Scott Hopkins
|
|
Batting: LHB Kevin Kantor
|
0-0: Ball 1-0: Ball 2-0: Ball 3-0: Called Strike 3-1: Ground out 6-3 (Groundball, 6MS, EV 81.9 MPH)
|
Batting: SHB Brandon McClain
|
0-0: Swinging Strike 0-1: Foul Ball, location: 2F 0-2: Ball 1-2: Strikes out swinging
|
Batting: RHB Xavier Davis
|
0-0: Ball 1-0: Foul Ball, location: 2F 1-1: Called Strike 1-2: Fly out, F8 (Flyball, 8LD, EV 100.6 MPH)
|
Top of the 1st over - 0 runs, 0 hits, 0 errors, 0 left on base; Atlanta (MID) 0 - Lakewood 0 |
BOTTOM OF THE 1ST |
Lakewood BlueClaws batting - Pitching for Atlanta (MID) Braves : RHP Ricky Rivera
|
Pitching: RHP Ricky Rivera
|
|
Batting: RHB Roberto Ruiz
|
0-0: Called Strike 0-1: Ball 1-1: Ball 2-1: Ball 3-1: Foul Ball, location: 2F 3-2: Fly out, F6 (Line Drive, 6, EV 68.8 MPH)
|
Batting: RHB Steve Jones
|
0-0: Swinging Strike 0-1: Foul Ball, location: 2F 0-2: Ground out U3 (Groundball, 3, EV 89.4 MPH)
|
Batting: SHB Bob Dixon
|
0-0: Ball 1-0: Ball 2-0: Foul Ball, location: 2F 2-1: Ball 3-1: Foul Ball, location: 2F 3-2: Base on Balls
|
Batting: RHB Danny Krug
|
0-0: Foul Ball, location: 2F 0-1: Swinging Strike 0-2: Foul Ball, location: 2F 0-2: Ball 1-2: Ball 2-2: Strikes out looking
|
Bottom of the 1st over - 0 runs, 0 hits, 0 errors, 1 left on base; Atlanta (MID) 0 - Lakewood 0 |
TOP OF THE 2ND |
Atlanta (MID) Braves batting - Pitching for Lakewood BlueClaws : LHP Scott Hopkins
|
Batting: RHB Corey Dalton
|
0-0: Called Strike 0-1: Ball 1-1: SINGLE (Groundball, 5D, EV 108.8 MPH)
|
Batting: RHB Andy Cunningham
|
0-0: Fly out, F4 (Popup, 4M, EV 66.9 MPH)
|
Batting: LHB Travis Lazaro
|
0-0: Ball 1-0: Fly out, F6 (Flyball, 4MD, EV 95.0 MPH)
|
Batting: LHB Tommy Williams
|
0-0: Fly out, F8 (Flyball, 8LM, EV 83.1 MPH)
|
Top of the 2nd over - 0 runs, 1 hit, 0 errors, 1 left on base; Atlanta (MID) 0 - Lakewood 0 |
BOTTOM OF THE 2ND |
Lakewood BlueClaws batting - Pitching for Atlanta (MID) Braves : RHP Ricky Rivera
|
Batting: RHB Victor Arroyo
|
0-0: Called Strike 0-1: Called Strike 0-2: Ball 1-2: Ball 2-2: Ball 3-2: Base on Balls
|
Batting: LHB Jose Carlos
|
0-0: Foul Ball, location: 2F 0-1: Ball 1-1: SINGLE (Flyball, 4MD, EV 84.4 MPH) Victor Arroyo to second
|
Batting: SHB Mike Rueth
|
0-0: Called Strike 0-1: Ball 1-1: Foul Ball, location: 2F 1-2: Strikes out looking
|
Batting: LHB Troy Hodge
|
0-0: Foul Ball, location: 2F 0-1: Called Strike 0-2: DOUBLE (Line Drive, 89XD, EV 105.6 MPH) Victor Arroyo scores Jose Carlos to third
|
Batting: RHB Pedro Mata
|
0-0: Ground out 4-3 (Groundball, 4, EV 85.0 MPH) Jose Carlos scores Troy Hodge to third
|
Batting: RHB Roberto Ruiz
|
0-0: Called Strike 0-1: Ball 1-1: Foul Ball, location: 2F 1-2: Strikes out swinging
|
Bottom of the 2nd over - 2 runs, 2 hits, 0 errors, 1 left on base; Atlanta (MID) 0 - Lakewood 2 |
TOP OF THE 3RD |
Atlanta (MID) Braves batting - Pitching for Lakewood BlueClaws : LHP Scott Hopkins
|
Batting: LHB Mark Thomas
|
0-0: Swinging Strike 0-1: Foul Ball, location: 2F 0-2: Ball 1-2: Ball 2-2: Ground out 4-3 (Groundball, 4, EV 98.1 MPH)
|
Batting: RHB Nick Platt
|
0-0: Ball 1-0: Ball 2-0: Fly out, F9 (Flyball, 89M, EV 95.0 MPH)
|
Batting: LHB Kevin Kantor
|
0-0: Called Strike 0-1: Ball 1-1: Ball 2-1: Ball 3-1: Swinging Strike 3-2: Foul Ball, location: 2F 3-2: Base on Balls
|
Batting: SHB Brandon McClain
|
0-0: Ball Kevin Kantor is caught stealing 2nd base 2-4
|
Top of the 3rd over - 0 runs, 0 hits, 0 errors, 0 left on base; Atlanta (MID) 0 - Lakewood 2 |
BOTTOM OF THE 3RD |
Lakewood BlueClaws batting - Pitching for Atlanta (MID) Braves : RHP Ricky Rivera
|
Batting: RHB Steve Jones
|
0-0: Called Strike 0-1: Called Strike 0-2: Reached on error, E2 (Groundball, 2R, EV 77.5 MPH)
|
Batting: SHB Bob Dixon
|
0-0: Called Strike 0-1: Foul Ball, location: 2F 0-2: Ball 1-2: Foul Ball, location: 2F 1-2: Foul Ball, location: 2F 1-2: Ball 2-2: SINGLE (Line Drive, 34D, EV 106.2 MPH) Steve Jones to second
|
Batting: RHB Danny Krug
|
0-0: Ball 1-0: Ball 2-0: Ball 3-0: Called Strike 3-1: DOUBLE (Groundball, 5L, EV 101.9 MPH) Steve Jones scores Bob Dixon to third
|
Batting: RHB Victor Arroyo
|
0-0: Foul Ball, location: 2F 0-1: Ground out 5-3 (Groundball, 5L, EV 81.2 MPH) Bob Dixon scores
|
Batting: LHB Jose Carlos
|
0-0: Ball 1-0: Ball 2-0: Ball Wild Pitch! Danny Krug to third 3-0: Called Strike 3-1: DOUBLE (Flyball, 89D, EV 101.9 MPH) Danny Krug scores
|
Batting: SHB Mike Rueth
|
0-0: Called Strike 0-1: Ball 1-1: Fly out, F9 (Flyball, 9S, EV 89.4 MPH)
|
Batting: LHB Troy Hodge
|
0-0: Called Strike 0-1: Called Strike 0-2: Ball 1-2: Ball 2-2: Ball 3-2: Strikes out looking
|
Bottom of the 3rd over - 3 runs, 3 hits, 1 error, 1 left on base; Atlanta (MID) 0 - Lakewood 5 |
TOP OF THE 4TH |
Atlanta (MID) Braves batting - Pitching for Lakewood BlueClaws : LHP Scott Hopkins
|
Batting: SHB Brandon McClain
|
0-0: Ball 1-0: Ground out 5-3 (Groundball, 56, EV 85.0 MPH)
|
Batting: RHB Xavier Davis
|
0-0: Ball 1-0: Ball 2-0: Ball 3-0: Called Strike 3-1: Swinging Strike 3-2: Base on Balls
|
Batting: RHB Corey Dalton
|
0-0: Called Strike Xavier Davis steals 2nd, throwing error, E2 Xavier Davis to third 0-1: Swinging Strike 0-2: Ball 1-2: Fly out, F8 (Flyball, 89D, EV 76.2 MPH) Runner from 3rd tags up, SCORES, throw by CF
|
Batting: RHB Andy Cunningham
|
0-0: Swinging Strike 0-1: Foul Ball, location: 2F 0-2: Foul Ball, location: 2F 0-2: Ground out 6-3 (Groundball, 56, EV 91.2 MPH)
|
Top of the 4th over - 1 run, 0 hits, 1 error, 0 left on base; Atlanta (MID) 1 - Lakewood 5 |
BOTTOM OF THE 4TH |
Lakewood BlueClaws batting - Pitching for Atlanta (MID) Braves : RHP Ricky Rivera
|
Batting: RHB Pedro Mata
|
0-0: Ball 1-0: Ball 2-0: Foul Ball, location: 2F 2-1: Foul Ball, location: 2F 2-2: Ball 3-2: Foul Ball, location: 2F 3-2: Strikes out looking
|
Batting: RHB Roberto Ruiz
|
0-0: Ball 1-0: Ball 2-0: Ball 3-0: Foul Ball, location: 2F 3-1: Base on Balls
|
Pitching: RHP Kevin Zika
|
|
Batting: RHB Steve Jones
|
0-0: Ball 1-0: Ball 2-0: Foul Ball, location: 2F 2-1: Ball 3-1: Swinging Strike 3-2: Fielders Choice at 2nd, 6-4 (Groundball, 6, EV 109.4 MPH)
|
Batting: SHB Bob Dixon
|
0-0: Called Strike Steve Jones steals 2nd base 0-1: Foul Ball, location: 2F 0-2: Ground out 4-3 (Groundball, 4D, EV 102.5 MPH)
|
Bottom of the 4th over - 0 runs, 0 hits, 0 errors, 1 left on base; Atlanta (MID) 1 - Lakewood 5 |
TOP OF THE 5TH |
Atlanta (MID) Braves batting - Pitching for Lakewood BlueClaws : LHP Scott Hopkins
|
Batting: LHB Travis Lazaro
|
0-0: Foul Ball, location: 2F 0-1: Swinging Strike 0-2: Ball 1-2: Ball 2-2: Foul Ball, location: 2F 2-2: Strikes out swinging
|
Batting: LHB Tommy Williams
|
0-0: Fly out, F9 (Flyball, 9LD, EV 83.8 MPH)
|
Batting: LHB Mark Thomas
|
0-0: Called Strike 0-1: Ball 1-1: Ground out 5-3 (Groundball, 56, EV 104.4 MPH)
|
Top of the 5th over - 0 runs, 0 hits, 0 errors, 0 left on base; Atlanta (MID) 1 - Lakewood 5 |
BOTTOM OF THE 5TH |
Lakewood BlueClaws batting - Pitching for Atlanta (MID) Braves : RHP Kevin Zika
|
Batting: RHB Danny Krug
|
0-0: Ball 1-0: Ball 2-0: SOLO HOME RUN (Flyball, 7D, EV 91.9 MPH), Distance : 343 ft
|
Batting: RHB Victor Arroyo
|
0-0: Ball 1-0: Ball 2-0: Ball 3-0: Base on Balls
|
Batting: LHB Jose Carlos
|
0-0: Ball 1-0: Ball 2-0: Ball Wild Pitch! Victor Arroyo to second 3-0: Base on Balls
|
Batting: SHB Mike Rueth
|
0-0: Ball 1-0: Ball 2-0: SINGLE (Line Drive, 89S, EV 109.4 MPH) Victor Arroyo to third Jose Carlos to second
|
Batting: LHB Troy Hodge
|
0-0: Ball 1-0: Ball 2-0: Ball 3-0: Called Strike 3-1: Base on Balls Victor Arroyo scores Jose Carlos to third Mike Rueth to second
|
Batting: RHB Pedro Mata
|
0-0: Swinging Strike 0-1: Fly out, F8 (Flyball, 8RM, EV 85.0 MPH) Runner from 3rd tags up, SCORES, no throw by CF
|
Batting: RHB Roberto Ruiz
|
0-0: Ball 1-0: Foul Ball, location: 2F 1-1: 3-RUN HOME RUN (Flyball, 78XD, EV 105.0 MPH), Distance : 417 ft
|
Pitching: RHP Jae-young Jhang
|
|
Batting: RHB Steve Jones
|
0-0: Called Strike 0-1: Called Strike 0-2: Foul Ball, location: 2F 0-2: Ground out U3 (Groundball, 34, EV 78.8 MPH)
|
Batting: SHB Bob Dixon
|
0-0: Called Strike 0-1: Ball 1-1: SINGLE (Groundball, 34, EV 108.1 MPH)
|
Batting: RHB Danny Krug
|
0-0: Ball 1-0: Ball 2-0: Called Strike 2-1: Foul Ball, location: 2F 2-2: SINGLE (Groundball, 6MD, EV 100.6 MPH) Bob Dixon to second
|
Batting: RHB Victor Arroyo
|
0-0: Ball 1-0: Ball Wild Pitch! Bob Dixon to third Danny Krug to second 2-0: Ball 3-0: Called Strike 3-1: Foul Ball, location: 2F 3-2: Foul Ball, location: 2F 3-2: Ground out U3 (Groundball, 34, EV 99.4 MPH)
|
Bottom of the 5th over - 6 runs, 5 hits, 0 errors, 2 left on base; Atlanta (MID) 1 - Lakewood 11 |
TOP OF THE 6TH |
Atlanta (MID) Braves batting - Pitching for Lakewood BlueClaws : LHP Scott Hopkins
|
Batting: RHB Nick Platt
|
0-0: Swinging Strike 0-1: Called Strike 0-2: Ball 1-2: Ball 2-2: Ball 3-2: Foul Ball, location: 2F 3-2: Base on Balls
|
Batting: LHB Kevin Kantor
|
0-0: Ball 1-0: Ball Wild Pitch! Nick Platt to second 2-0: Foul Ball, location: 2F 2-1: Ball 3-1: Base on Balls
|
Batting: SHB Brandon McClain
|
0-0: Ball 1-0: Foul Ball, location: 2F 1-1: Called Strike 1-2: Foul Ball, location: 2F 1-2: Ball 2-2: SINGLE (Line Drive, 8RS, EV 106.2 MPH) Nick Platt to third Kevin Kantor to second
|
Batting: RHB Xavier Davis
|
0-0: Fly out, F8 (Flyball, 8LXD, EV 76.2 MPH) Runner from 3rd tags up, SCORES, no throw by CF
|
Pitching: RHP Omar Pineda
|
|
Batting: RHB Corey Dalton
|
0-0: Called Strike 0-1: Foul Ball, location: 2F 0-2: Foul Ball, location: 2F 0-2: Ball 1-2: Grounds into double play, 6-4-3 (Groundball, 6, EV 92.5 MPH)
|
Top of the 6th over - 1 run, 1 hit, 0 errors, 1 left on base; Atlanta (MID) 2 - Lakewood 11 |
BOTTOM OF THE 6TH |
Lakewood BlueClaws batting - Pitching for Atlanta (MID) Braves : RHP Jae-young Jhang
|
Batting: LHB Jose Carlos
|
0-0: Called Strike 0-1: Fly out, F6 (Line Drive, 6, EV 69.4 MPH)
|
Batting: SHB Mike Rueth
|
0-0: Ground out U3 (Groundball, 3, EV 86.2 MPH)
|
Batting: LHB Troy Hodge
|
0-0: Ground out 4-3 (Groundball, 4, EV 78.1 MPH)
|
Bottom of the 6th over - 0 runs, 0 hits, 0 errors, 0 left on base; Atlanta (MID) 2 - Lakewood 11 |
TOP OF THE 7TH |
Atlanta (MID) Braves batting - Pitching for Lakewood BlueClaws : RHP Omar Pineda
|
Pinch Hitting: SHB Richello Badua
|
0-0: Ball 1-0: Called Strike 1-1: Ball 2-1: Called Strike 2-2: Foul Ball, location: 2F 2-2: Ball 3-2: Base on Balls
|
Batting: LHB Travis Lazaro
|
0-0: Ball 1-0: Called Strike Richello Badua steals 2nd base (no throw) 1-1: Ball 2-1: Foul Ball, location: 2F 2-2: Foul Ball, location: 2F 2-2: Ball 3-2: Fly out, F8 (Flyball, 8LXD, EV 98.8 MPH) Runner from 2nd tags up, SAFE at 3rd, no throw by CF
|
Batting: LHB Tommy Williams
|
0-0: Swinging Strike 0-1: Called Strike 0-2: Foul Ball, location: 2F 0-2: Strikes out swinging
|
Batting: LHB Mark Thomas
|
0-0: Foul Ball, location: 2F 0-1: Foul Ball, location: 2F 0-2: Ball 1-2: Fly out, F7 (Flyball, 7, EV 82.5 MPH)
|
Top of the 7th over - 0 runs, 0 hits, 0 errors, 1 left on base; Atlanta (MID) 2 - Lakewood 11 |
BOTTOM OF THE 7TH |
Lakewood BlueClaws batting - Pitching for Atlanta (MID) Braves : RHP Jae-young Jhang
|
Now in RF: Richello Badua
|
|
Batting: RHB Pedro Mata
|
0-0: Called Strike 0-1: Ball 1-1: Ball 2-1: Called Strike 2-2: Strikes out swinging
|
Batting: RHB Roberto Ruiz
|
0-0: Foul Ball, location: 2F 0-1: Ball 1-1: Foul Ball, location: 2F 1-2: Ball 2-2: Ball 3-2: Base on Balls
|
Pitching: RHP Craig Goguen
|
|
Batting: RHB Steve Jones
|
0-0: Ball 1-0: Fielders Choice at 2nd, 3-6 (Groundball, 34S, EV 92.5 MPH)
|
Batting: SHB Bob Dixon
|
0-0: Called Strike 0-1: Fly out, F8 (Flyball, 8LM, EV 74.4 MPH)
|
Bottom of the 7th over - 0 runs, 0 hits, 0 errors, 1 left on base; Atlanta (MID) 2 - Lakewood 11 |
TOP OF THE 8TH |
Atlanta (MID) Braves batting - Pitching for Lakewood BlueClaws : RHP Omar Pineda
|
Batting: RHB Nick Platt
|
0-0: Called Strike 0-1: Ball 1-1: Ball 2-1: Foul Ball, location: 2F 2-2: Strikes out swinging
|
Pitching: RHP Ricardo Dominguez
|
|
Batting: LHB Kevin Kantor
|
0-0: Called Strike 0-1: Foul Ball, location: 2F 0-2: Ball 1-2: Strikes out looking
|
Batting: SHB Brandon McClain
|
0-0: Ball 1-0: Swinging Strike 1-1: Foul Ball, location: 2F 1-2: Foul Ball, location: 2F 1-2: Ground out 4-3 (Groundball, 4, EV 80.0 MPH)
|
Top of the 8th over - 0 runs, 0 hits, 0 errors, 0 left on base; Atlanta (MID) 2 - Lakewood 11 |
BOTTOM OF THE 8TH |
Lakewood BlueClaws batting - Pitching for Atlanta (MID) Braves : RHP Craig Goguen
|
Batting: RHB Danny Krug
|
0-0: Called Strike 0-1: Ball 1-1: Ground out 5-3 (Groundball, 56S, EV 70.0 MPH)
|
Batting: RHB Victor Arroyo
|
0-0: Called Strike 0-1: Ball 1-1: Ball 2-1: Ball 3-1: Called Strike 3-2: Strikes out swinging
|
Batting: LHB Jose Carlos
|
0-0: SINGLE (Flyball, 8LS, EV 90.6 MPH)
|
Batting: SHB Mike Rueth
|
0-0: Ball 1-0: Swinging Strike 1-1: Ground out U3 (Groundball, 13, EV 80.6 MPH)
|
Bottom of the 8th over - 0 runs, 1 hit, 0 errors, 1 left on base; Atlanta (MID) 2 - Lakewood 11 |
TOP OF THE 9TH |
Atlanta (MID) Braves batting - Pitching for Lakewood BlueClaws : RHP Ricardo Dominguez
|
Batting: RHB Xavier Davis
|
0-0: Ball 1-0: Foul Ball, location: 2F 1-1: Foul Ball, location: 2F 1-2: Ground out 3-1 (Groundball, 13, EV 90.0 MPH)
|
Batting: RHB Corey Dalton
|
0-0: Ball 1-0: Ball 2-0: Ground out 5-3 (Groundball, 56, EV 103.1 MPH)
|
Batting: SHB Richello Badua
|
0-0: Ball 1-0: Foul Ball, location: 2F 1-1: Foul Ball, location: 2F 1-2: SINGLE (Line Drive, 34D, EV 97.5 MPH)
|
Batting: LHB Travis Lazaro
|
0-0: Called Strike 0-1: DOUBLE (Line Drive, 7LM, EV 107.5 MPH) Richello Badua to third
|
Batting: LHB Tommy Williams
|
0-0: Ground out U3 (Groundball, 3L, EV 104.4 MPH)
|
Top of the 9th over - 0 runs, 2 hits, 0 errors, 2 left on base; Atlanta (MID) 2 - Lakewood 11 |
|